 Dungeon Crawl Stone Soup version 0.31.0-32-g396128a36d (webtiles) character file.

Game seed: 16678102777610087331

23 PaiMei the Grave Robber (level 2, -4/20 HPs)
             Began as a Demonspawn Necromancer on Mar 14, 2024.
             Killed by divine providence
             ... invoked by an orc priest
              (17 damage)
             ... on level 2 of the Dungeon.
             The game lasted 00:01:07 (1262 turns).

PaiMei the Grave Robber (Demonspawn Necromancer)    Turns: 1262, Time: 00:01:07

Health: -4/20      AC:  2    Str:  8    XL:     2   Next: 72%
Magic:  3/5        EV: 12    Int: 15    God:
Gold:   31         SH:  0    Dex: 13    Spells: 4/5 levels left

rFire   . . .        f - +0 mace
rCold   . . .        (no shield)
rNeg    . . .        a - +0 robe
rPois   .            (no helmet)
rElec   .            (no cloak)
rCorr   .            (no gloves)
SInv    .            (no boots)
Will    .....        (no amulet)
Stlth   ++           (no ring)
HPRegen 1.23/turn    (no ring)
MPRegen 0.09/turn

%: no passive effects
@: no status effects
A: powered by death 1
a: no special abilities


You were on level 2 of the Dungeon.
You visited 1 branch of the dungeon, and saw 2 of its levels.

You collected 31 gold pieces.

Inventory:

Hand Weapons
 f - a +0 mace (weapon)
Armour
 a - a +0 robe (worn)
 d - an orb of energy
Scrolls
 c - a scroll of summoning {unknown}
 e - a scroll of silence {unknown}
 g - a scroll of blinking {unknown}
Potions
 b - a potion of magic
 h - a potion of berserk rage {unknown}


   Skills:
 + Level 0.5 Fighting
 + Level 2.1 Dodging
 - Level 2.0 Stealth
 + Level 2.3 Spellcasting
 + Level 4.6 Necromancy


You had 4 spell levels left.
You knew the following spells:

 Your Spells              Type           Power      Damage    Failure   Level
a - Necrotise             Necr           60%        1d7       3%          1

Your spell library contained the following spells:

 Spells                   Type           Power      Damage    Failure   Level
 Vampiric Draining        Necr           15%        2d7       10%         3
 Animate Dead             Necr           15%        N/A       32%         4
 Curse of Agony           Necr           15%        N/A       65%         5


Dungeon Overview and Level Annotations

Branches:
Dungeon (2/15)

Altars:


Innate Abilities, Weirdness & Mutations

You regenerate a little health from kills.


Message History

Casting: Necrotise (safe; 3% risk of failure)
Confirm with . or Enter, or press ? or * to list all spells.
You can't see any susceptible monsters within range! (Use Z to cast anyway.)
Casting: Necrotise (safe; 3% risk of failure)
Confirm with . or Enter, or press ? or * to list all spells.
You can't see any susceptible monsters within range! (Use Z to cast anyway.)
The orc wizard points at you and mumbles some strange words.
You are confused.
You bump into the rock wall.
You bump into the rock wall.
You hit the orc wizard.
The orc wizard is lightly wounded.
The orc wizard barely misses you.
You bump into the rock wall.
You feel less confused.
The orc wizard hits you with a +0 dagger.
Casting: Necrotise (safe; 3% risk of failure)
Confirm with . or Enter, or press ? or * to list all spells.
Aiming: Necrotise (safe; 3% risk of failure)
Press: ? - help, Shift-Dir - straight line, f - orc wizard
Aim: an orc wizard, wielding a +0 dagger and wearing a +0 robe (ally target, chance to affect: 72%)
The orc wizard writhes in agony.
An orc priest comes into view. It is wielding a +0 club.
The orc wizard hits you with a +0 dagger.
You hit the orc wizard.
The orc wizard is severely wounded.
The orc wizard hits you with a +0 dagger.
Casting: Necrotise (safe; 3% risk of failure)
Confirm with . or Enter, or press ? or * to list all spells.
Aiming: Necrotise (safe; 3% risk of failure)
Press: ? - help, Shift-Dir - straight line, f/p - orc wizard
Aim: an orc wizard, wielding a +0 dagger and wearing a +0 robe (severely wounded, ally target, chance to affect: 72%)
The orc wizard writhes in agony!
You kill the orc wizard!
The dead are walking!
Your orc skeleton crumbles into dust!
The orc priest invokes the aid of Beogh against you.
Beogh smites you!
Ouch! That really hurt!
You die...

#....# #.#### #.#
#.##### #.#...# #######
#.#.#### #.....#
##.#.##.#
#.###.######....##.##
####.###.)@Z...........#
#...o...#######....##.##
#.##..#.# ##.#.##.#
#.###.#(# #.#.##.# #Z#
#.#.# #.#....# #.###o#.#
##'###### #.......#
##...## #####.###
##.....## #..#
##.......##


You could see an orc priest (ally target) and a friendly orc wizard skeleton.

Vanquished Creatures
  An orc wizard (D:2)
  An orc (D:2)
  3 ball pythons
  4 bats
  A giant cockroach (D:2)
  A goblin (D:1)
  2 hobgoblins
  A quokka (D:1)
  3 frilled lizards
  2 kobolds (D:1)
  A rat (D:1)
20 creatures vanquished.

Vanquished Creatures (collateral kills)
  A giant cockroach (D:2)
1 creature vanquished.

Grand Total: 21 creatures vanquished

Notes
Turn   | Place    | Note
-------+----------+-------------------------------------------
     0 | D:1      | PaiMei the Demonspawn Necromancer began the quest for the
                  | Orb.
     0 | D:1      | Reached XP level 1. HP: 13/13 MP: 3/3
   295 | D:1      | Gained mutation: You regenerate a little health from kills.
                  | [demonic ancestry]
   295 | D:1      | Reached XP level 2. HP: 19/19 MP: 1/5
  1262 | D:2      | Killed from afar by an orc priest

Illustrated notes

Levels and vault maps discovered:
D:1:      dpeg_arrival_windows_large_door, layout_loops_cross
D:2:      minmay_skewed_foursquare, layout_loops_corners, uniq_natasha

Skill      XL: |  1 |
---------------+----+-----
Stealth        | 2 |  2.0
Dodging        | 2 |  2.1
Fighting       | |  0.5
Spellcasting   | |  2.3
Necromancy     | |  4.6

Action                     || total
---------------------------++-------
  Melee: Mace              ||     2
   Cast: Necrotise         ||    29
 Armour: Robe              ||     6
  Dodge: Dodged            ||     2
